 Dungeon Sprint DCSS version 0.31-a0-460-g9e667d4245 (webtiles) character file.

Game seed: 14318084577939592580

2357 rocky1 the Black Belt (level 9, -1/62 HPs)
             Began as an Octopode Shapeshifter on Aug 5, 2023.
             Was an Initiate of Gozag.
             Slain by a cyclops (33 damage)
             ... in the Dungeon (Sprint IX: "|||||||||||||||||||||||||||||").
             The game lasted 00:01:51 (970 turns).

rocky1 the Black Belt (Octopode Shapeshifter)        Turns: 970, Time: 00:01:52

Health: -1/62      AC:  1    Str: 14    XL:     9   Next: 44%
Magic:  9/9        EV: 16    Int: 14    God:    Gozag
Gold:   414        SH:  0    Dex: 19    Spells: 8/8 levels left

rFire   . .          .
                       - Unarmed
rCold   . . .        (no shield)
rNeg    . . .        (helmet currently unavailable)
rPois   .            (no amulet)
rElec   .            m - +3 ring of dexterity
rCorr   .            l - +3 ring of intelligence
SInv    .            (no ring)
Will    .....        (no ring)
Stlth   +++++        (no ring)
HPRegen 0.30/turn    (no ring)
MPRegen 0.11/turn    (no ring)
                     (no ring)

%: no teleportation
@: beast-form, gold aura, hasted, very quick
A: beast (slay +7), almost no armour, amphibious, 8 rings, camouflage 1,
gelatinous body 1, (nimble swimmer 1), tentacles
a: Begin Untransformation, Renounce Religion, Potion Petition, Call Merchant,
Bribe Branch


You were in the Dungeon.
You worshipped Gozag.
Gozag was aware of your devotion.
You were a hulking beast.
You visited 1 branch You collected 414 gold pieces.

Inventory:

Jewellery
 l - a +3 ring of intelligence (right tentacle)
 m - a +3 ring of dexterity (left tentacle)
Talismans
 b - a beast talisman (active)
Wands
 k - a wand of roots (10)
Scrolls
 h - 2 scrolls of blinking
 j - 2 scrolls of amnesia
Potions
 a - a potion of lignification
 c - 5 potions of curing
 d - 2 potions of heal wounds
 f - 4 potions of magic


   Skills:
 * Level 6.0 Fighting
 + Level 5.8 Dodging
 + Level 8.1 Stealth
 * Level 15.1 Unarmed Combat
 - Level 10.0 Shapeshifting


You had 8 spell levels left.
You didn't know any spells.
Your spell library was empty.

Dungeon Overview and Level Annotations

Branches:
Dungeon (1/1)

Altars:
Cheibriados
Dithmenos
Elyvilon
Fedhas
Gozag
Hepliaklqana
Kikubaaqudgha
Makhleb
Nemelex Xobeh
Okawaru
Qazlal
Ru
Sif Muna
Trog
Uskayaw
Vehumet
Wu Jian
Xom
Yredelemnul
Zin
The Shining One
Jiyva
Lugonu


Innate Abilities, Weirdness & Mutations

You are a hulking beast.
Your limbs bulge with bestial killing power. (Slay +7)
You cannot wear most types of armour.
You are amphibious.
You can wear up to eight rings at the same time.
Your skin changes colour to match your surroundings (Stealth+).
Your rubbery body absorbs attacks. (AC +1, EV +1)
((You are camouflaged when in or above water. (Stealth+)))
You have tentacles for arms and can constrict up to eight enemies at once.


Message History

You catch the helpless gargoyle completely off-guard!
You tentacle-slap the gargoyle but do no damage.
The gargoyle is almost destroyed.
You constrict the gargoyle, but do no damage.
The gargoyle misses you.
You catch the helpless gargoyle completely off-guard!
You bludgeon the gargoyle!
You destroy the gargoyle!
Your Fighting skill increases to level 5!
Your Stealth skill increases to level 6!
Your Unarmed Combat skill increases to level 14!
You have reached level 9!
Your experience leads to an increase in your attributes!
Your base attributes are Str 14, Int 11, Dex 14.
Increase (S)trength, (I)ntelligence, or (D)exterity?
You feel agile. x2
Unknown command.
You flicker back into view.
The deep elf pyromancer gestures wildly while chanting.
The deep elf pyromancer blinks!
The boulder beetle barely misses you.
Things that are here:
36 gold pieces; a +0 mace You barely miss the boulder beetle.
The boulder beetle is almost dead.
You tentacle-slap the boulder beetle.
You squeeze the boulder beetle, but do no damage.
The boulder beetle is almost dead.
The deep elf pyromancer casts a spell.
The deep elf pyromancer blinks!
The boulder beetle bites you!!
You tentacle-slap the boulder beetle but do no damage.
You tentacle-slap the boulder beetle, but do no damage.
You squeeze the boulder beetle.
You kill the boulder beetle!
Your Fighting skill increases to level 6!
Your Stealth skill gained 2 levels and is now at level 8!
Your Unarmed Combat skill increases to level 15!
The cyclops hits you!!
Ouch! That really hurt!
You die...
Your body crumbles into a pile of gold.

▓+▓
▓.▓
▓.▓
▓C▓
▓h▓
▓$▓
▓§▓
▓'▓
▓.▓
$
▓.▓
$
▓)▓
$ $
▓e▓
$
▓.▓
$


You could see a cyclops and a deep elf pyromancer.

Vanquished Creatures
  A boulder beetle (D)
  A centaur warrior (D)
  A kobold demonologist (D)
  2 gargoyles (D)
  A yak (D)
  A vampire mosquito (D)
  A howler monkey (D)
  A hound (D)
  A sleepcap (D)
  An iguana (D)
  2 orc wizards (D)
  2 adders (D)
  A dart slug (D)
  An endoplasm (D)
  2 hobgoblins (D)
  A kobold (D)
20 creatures vanquished.

Notes
Turn   | Place    | Note
-------+----------+-------------------------------------------
     0 | D        | rocky1 the Octopode Shapeshifter began the quest for the
                  | Orb.
     0 | D        | Reached XP level 1. HP: 13/13 MP: 1/1
    11 | D        | Reached XP level 2. HP: 18/18 MP: 2/2
   224 | D        | Reached skill level 4 in Unarmed Combat
   224 | D        | Reached skill level 5 in Shapeshifting
   224 | D        | Reached XP level 3. HP: 8/23 MP: 3/3
   227 | D        | Reached skill level 1 in Stealth
   234 | D        | Reached skill level 5 in Unarmed Combat
   234 | D        | Reached XP level 4. HP: 2/28 MP: 4/4
   544 | D        | Found a snail-covered altar of Cheibriados.
   544 | D        | Found a shadowy altar of Dithmenos.
   544 | D        | Found a white marble altar of Elyvilon.
   544 | D        | Found a blossoming altar of Fedhas.
   544 | D        | Found an opulent altar of Gozag.
   545 | D        | Found a hazy altar of Hepliaklqana.
   546 | D        | Found a viscous altar of Jiyva.
   547 | D        | Found an ancient bone altar of Kikubaaqudgha.
   548 | D        | Found a corrupted altar of Lugonu.
   549 | D        | Found a burning altar of Makhleb.
   550 | D        | Found a sparkling altar of Nemelex Xobeh.
   551 | D        | Found an iron altar of Okawaru.
   552 | D        | Became a worshipper of Gozag Ym Sagoz the Greedy
   553 | D        | Found a stormy altar of Qazlal.
   554 | D        | Found a sacrificial altar of Ru.
   555 | D        | Found a shimmering blue altar of Sif Muna.
   556 | D        | Found a bloodstained altar of Trog.
   557 | D        | Found a hide-covered altar of Uskayaw.
   558 | D        | Found a radiant altar of Vehumet.
   559 | D        | Found an ornate altar of the Wu Jian Council.
   560 | D        | Found a shimmering altar of Xom.
   561 | D        | Found a basalt altar of Yredelemnul.
   562 | D        | Found a glowing silver altar of Zin.
   563 | D        | Found a glowing golden altar of the Shining One.
   589 | D        | Noticed a yak
   589 | D        | Noticed a kobold demonologist
   589 | D        | Noticed a vampire mosquito
   594 | D        | Killed a vampire mosquito
   595 | D        | Reached skill level 7 in Unarmed Combat
   595 | D        | Reached XP level 5. HP: 11/34 MP: 5/5
   595 | D        | Reached XP level 6. HP: 12/39 MP: 6/6
   599 | D        | Killed a kobold demonologist
   600 | D        | Reached skill level 10 in Unarmed Combat
   600 | D        | Reached XP level 7. HP: 9/45 MP: 7/7
   602 | D        | HP: 3/67 [howler monkey (7)]
   607 | D        | Killed a yak
   608 | D        | Reached skill level 5 in Dodging
   608 | D        | Reached skill level 11 in Unarmed Combat
   609 | D        | HP: 1/45 [something (2)]
   942 | D        | Noticed a cyclops
   942 | D        | Noticed a boulder beetle
   942 | D        | Noticed a gargoyle
   942 | D        | Noticed a deep elf pyromancer
   942 | D        | Noticed a centaur warrior
   942 | D        | Noticed a gargoyle
   945 | D        | Killed a gargoyle
   946 | D        | Reached skill level 5 in Stealth
   946 | D        | Reached skill level 12 in Unarmed Combat
   946 | D        | Reached XP level 8. HP: 52/52 MP: 8/8
   951 | D        | Killed a centaur warrior
   952 | D        | Reached skill level 13 in Unarmed Combat
   952 | D        | Reached skill level 10 in Shapeshifting
   965 | D        | Killed a gargoyle
   966 | D        | Reached skill level 5 in Fighting
   966 | D        | Reached skill level 14 in Unarmed Combat
   966 | D        | Reached XP level 9. HP: 57/61 MP: 9/9
   969 | D        | Killed a boulder beetle
   970 | D        | Reached skill level 15 in Unarmed Combat
   970 | D        | Slain by a cyclops

Illustrated notes

Levels and vault maps discovered:
D:        linesprint [early_d, line_temple, items_1, d_10, items_2, lair_1,
          lair_end, items_3, orc_1, orc_end, items_4, d_15, swamp_1, shoals_1,
          snake_1, spider_1, d_20, vaults_1, items_5, swamp_end, shoals_end,
          snake_end, spider_end, vaults_end, d_27, items_6, zot_1, zot_end,
          crypt_end, forest_end, elf_end, slime_end, tomb_end, abyss_end,
          pan_hell_end]

Skill      XL: |  1  2  3  4  5  6  7  8  9 |
---------------+----------------------------+-----
Shapeshifting  | 5 6 7 8 9 10 | 10.0
Unarmed Combat | 4 5 7 10 12 14 15 | 15.1
Stealth        | 1 3 4 5 6 8 |  8.1
Dodging        | 3 4 5 |  5.8
Fighting       | 2 3 5 6 |  6.0

Action                     |  1- 3 |  4- 6 |  7- 9 || total
---------------------------+-------+-------+-------++-------
  Melee: Unarmed           |    22 |    13 |    35 ||    70
         Constrict         |     7 |     3 |     3 ||    13
         Tentacles         |     7 |     1 |    10 ||    18
         Punch             |     1 |       |     4 ||     5
    Use: Potion            |       |     1 |     3 ||     4
   Stab: Invisible         |       |       |     7 ||     7
 Armour: Skin              |     2 |       |       ||     2
  Dodge: Dodged            |    14 |     6 |    11 ||    31

Table legend: (Time is in decaauts)
 A = Elapsed time spent in this place.
 B = Non-inter-level travel time spent in this place.
 C = Inter-level travel time spent in this place.
 D = Time resting spent in this place.
 E = Time spent auto-exploring this place.
 F = Levels seen in this place.
 G = Mean time per level.
                   A        B        C        D        E       F      G
               +--------+--------+--------+--------+--------+-----+--------+
         Total |    957 |    957 |      0 |    808 |      0 |   1 |  957.0 |
       Dungeon |    957 |    957 |      0 |    808 |      0 |   1 |  957.0 |
               +--------+--------+--------+--------+--------+-----+--------+

Top non-repeatable levels by time:
       D: 957 daAuts
